[Event "Cattolica Chess Festival 2022"]
[Site "Cattolica"]
[Date "2022.06.09"]
[Round "6.9"]
[White "Ceres, Dragos"]
[Black "Willow, Jonah B"]
[Result "0-1"]
[ECO "D05"]
[WhiteElo "2380"]
[BlackElo "2401"]
[Annotator "TA"]
[PlyCount "130"]
[EventDate "2022.06.04"]
[EventCountry "ITA"]
[SourceTitle "playchess.com"]
[Source "ChessBase"]
[SourceQuality "1"]
[TimeControl "5400+30"]

1. d4 d5 2. Nf3 Nf6 3. e3 e6 4. Bd3 Be7 5. O-O O-O 6. b3 b6 7. Bb2 Bb7 8. Nbd2 c5 9. Ne5 Nc6 10. Nxc6 {[%emt 0:01:00] D05: Colle System with ...e6.} Bxc6 11. f4 {[%emt 0:01:33] [#]} Ne4 $146 ({Predecessor:} 11... b5 12. c4 bxc4 13. bxc4 Qd7 14. Nb3 dxc4 15. Bxc4 cxd4 16. Nxd4 Bd5 17. Bxd5 Qxd5 {½-½ (31) Adoamnei,R (2000)-Moldovan,P (1741) Baile Olanesti 2010}) 12. Nf3 {[%emt 0:07:50] The position is equal.} Bb7 13. c4 Rc8 14. Rc1 dxc4 15. bxc4 cxd4 16. exd4 f5 17. Ne5 Bd6 18. Rf3 Rf6 (18... Qh4 $15 {is more appropriate.}) 19. Bxe4 Bxe4 20. Rg3 Rh6 21. Qd2 Rc7 ({Much worse is} 21... Qh4 22. Rh3 Qf6 23. c5 Bxe5 24. dxe5 $11) 22. Ba3 Bxe5 23. fxe5 Rh4 {[%emt 0:00:31] Strongly threatening ...f4.} 24. Bd6 Rc8 {[%emt 0:01:36] White must now prevent ...f4.} 25. Qe2 {[%emt 0:07:36] [#]} (25. h3 $11 {remains equal.}) 25... f4 (25... Rxh2 $1 $17 {[%mdl 512] And now ...Qh4 would win.} 26. Kxh2 Qh4+ 27. Rh3 Qf4+ 28. Rg3 Qxc1) 26. Rg4 {[%emt 0:00:54] Against Qh4} (26. Rxg7+ $1 $11 Kxg7 27. Qxe4) 26... Bd3 27. Qf3 {[%emt 0:02:44] Threatens to win with Rxh4.} (27. Rxg7+ $5 Kxg7 28. Qxd3 $11) 27... Rxc4 {[%emt 0:00:28] Really sharp!} (27... Bxc4 {is more complex.} 28. Rxf4 Rxf4 29. Qxf4 Bd5) 28. Rxc4 Bxc4 29. Rxh4 ({Reject} 29. Rxf4 Rxf4 30. Qxf4 Bxa2 $17) (29. a3 $1 $15) 29... Qxh4 $15 {[%emt 0:00:01][%mdl 4096] Endgame KQB-KQB} 30. g3 Qd8 {[%emt 0:00:36] Prevents Qa8.} 31. gxf4 Bxa2 32. Qa3 Bd5 33. Qxa7 Qh4 34. Qb8+ Kf7 35. Qc7+ Kg6 36. Qc2+ Kh6 37. Qf2 {[%emt 0:00:00] Inhibits Qe1+.} Qg4+ 38. Qg3 Qd1+ 39. Kf2 Qd2+ 40. Kg1 Qxd4+ 41. Kf1 Bc4+ 42. Kg2 Qe4+ 43. Kh3 Qf5+ 44. Kg2 Kh5 {[%emt 0:02:47] ...Qc2+ is the strong threat.} 45. h3 (45. Qh3+ $17 Kg6 46. Qxf5+ Kxf5 47. Kg3) 45... Bd5+ $19 46. Kg1 Qb1+ 47. Kf2 Qc2+ 48. Kg1 (48. Kf1 $17 Qd1+ 49. Kf2) 48... Qd1+ 49. Kf2 Qd4+ ({Better is} 49... h6 $19 50. Be7 Qd2+ 51. Kf1 g5 52. fxg5 hxg5 53. Qg4+ Kg6) 50. Ke1 (50. Kf1 $17 Qd1+ 51. Kf2) 50... Qe4+ 51. Kf2 Qc2+ 52. Kg1 $1 Qg6 {[%emt 0:00:18] Against Qg5+} 53. Kf2 b5 54. Qxg6+ Kxg6 $17 {[%emt 0:00:09] KB-KB} 55. Bf8 Kf5 56. Ke3 (56. Bxg7 $17 Kxf4 57. h4) 56... Bg2 $1 $19 57. h4 Kg4 $1 58. Bxg7 (58. Be7 $142 Bd5 59. Kd4) 58... Kxh4 59. f5 exf5 60. Kf4 {[%emt 0:00:06] [#]} h5 ({Black should play} 60... Be4 $1 $17 {Hoping for ...Kh3.} 61. e6 Kh5) 61. e6 {[%emt 0:02:11] [#]} (61. Bf6+ $11 {keeps the balance.} Kh3 62. Kxf5) 61... Bc6 (61... Be4 $1 $17) 62. Ke5 $2 (62. Bc3 $11) 62... Kg5 {[%emt 0:01:19] Black is clearly winning.} 63. Bf6+ Kg4 64. Kd6 Be8 65. Bh4 b4 {[%emt 0:00:45] Weighted Error Value: White=0.47/Black=0.20 (precise)} 0-1

[Event "Cattolica Chess Festival 2022"]
[Site "Cattolica"]
[Date "2022.06.09"]
[Round "6.10"]
[White "Kanyamarala, Tarun"]
[Black "Souhardo Basak"]
[Result "0-1"]
[ECO "D37"]
[WhiteElo "2388"]
[BlackElo "2357"]
[Annotator "TA"]
[PlyCount "112"]
[EventDate "2022.06.04"]
[EventCountry "ITA"]
[SourceTitle "playchess.com"]
[Source "ChessBase"]
[SourceQuality "1"]
[TimeControl "5400+30"]

1. d4 Nf6 2. c4 e6 3. Nc3 d5 4. Nf3 Be7 5. Bf4 O-O 6. e3 Nbd7 7. c5 Nh5 8. Bd3 {[%emt 0:00:22] D37: Queen's Gambit Declined: 5 Bf4.} Nxf4 9. exf4 b6 10. b4 {[%emt 0:00:23] The position is equal.} a5 11. a3 c6 12. O-O Qc7 13. g3 Ba6 14. Bxa6 Rxa6 15. Qe2 Ra7 {[%emt 0:00:28] [#]} 16. Ra2 $146 ({Predecessor:} 16. f5 axb4 17. axb4 Rxa1 18. Rxa1 e5 19. Nxe5 Nxe5 20. dxe5 bxc5 21. b5 d4 22. b6 Qxb6 {1-0 (33) Praggnanandhaa,R (2608)-Radjabov,T (2765) chess24.com INT 2021}) 16... Rfa8 17. Rfa1 Bf6 18. Ne5 Bxe5 19. fxe5 Qb7 20. Kg2 axb4 21. axb4 b5 (21... Rxa2 {with more complications.} 22. Rxa2 bxc5 23. Rxa8+ Qxa8 24. bxc5 Qa3) 22. Rxa7 (22. h4 {is interesting.} Rxa2 23. Rxa2 Ra6 24. h5) 22... Rxa7 23. Rxa7 Qxa7 24. Nxb5 cxb5 25. Qxb5 Qc7 (25... g6 $11) 26. Qa6 $14 {[%emt 0:02:36][%mdl 1024] Hoping for b5. White has compensation.} Kf8 27. b5 Ke7 28. Qa3 {[%emt 0:02:41] [#] Threatens to win with c6+.} Ke8 29. Qa8+ Ke7 $2 ({Black should try} 29... Qb8 $14 30. Qa5 (30. Qxb8+ Nxb8 31. g4 Kd8 $11) 30... Ke7) 30. Qa3 $2 (30. c6 $18 Nb6 31. Qg8) 30... Ke8 31. Qa8+ (31. Qa4 $14) 31... Ke7 $18 32. f4 (32. c6 $18 Nb6 33. Qg8) 32... Qb8 33. Qa5 h6 34. Kf2 g5 35. fxg5 hxg5 36. c6 Nb6 37. Qa6 f5 38. Qb7+ $2 {[%emt 0:00:42][%mdl 8192] White is on the road to losing.} (38. h4 $11) 38... Qxb7 $19 39. cxb7 {[%emt 0:00:04][%mdl 4096] Endgame KN-KP} Nd7 40. h3 Kd8 41. b6 Nb8 42. Kf3 Ke7 43. Ke3 Kf7 44. Kf3 Kg6 {[%emt 0:00:02] [#] ( -> ...Kh5)} 45. Ke3 Kh5 46. Kf3 Na6 (46... Nc6 $142 47. Ke3 f4+ 48. gxf4 gxf4+ 49. Kf3 Kg5 50. Kg2 Kh4 51. Kf3 Nxd4+ 52. Kg2 Nc6 53. Kf3 Kxh3 54. Kxf4 Kh4 55. Kf3 Kg5 56. Kf2 Kf4 57. Ke2 Nb8 58. Kd2 d4 59. Kc2 Kxe5 60. Kd3 Kd5 61. Kc2 e5 62. Kd3 e4+ 63. Ke2 d3+ 64. Ke3 Ke5 65. Kf2 Kd4 66. Kf1 e3 67. Ke1 Kc3 68. Kd1 e2+ 69. Ke1 Kc2 70. Kf2 d2 71. Kxe2 d1=Q+ 72. Kf2 Qg4 73. Ke3 Kc3 74. Kf2 Kd2 75. Kf1 Ke3 76. Ke1 Qg1#) 47. Ke3 f4+ {[%emt 0:00:31] Black mates.} 48. gxf4 gxf4+ 49. Kxf4 Kh4 50. Ke3 Kxh3 51. Kd3 Kg3 52. Kc3 Kf4 53. b8=Q Nxb8 54. Kb4 Ke4 55. b7 Kxd4 56. Kb5 Kxe5 {[%emt 0:00:03] Weighted Error Value: White=0.76/Black=0.36} 0-1

[Event "Cattolica Chess Festival 2022"]
[Site "Cattolica"]
[Date "2022.06.09"]
[Round "7.1"]
[White "Brunello, Sabino"]
[Black "Pantsulaia, Levan"]
[Result "1/2-1/2"]
[ECO "A67"]
[WhiteElo "2521"]
[BlackElo "2587"]
[Annotator "TA"]
[PlyCount "101"]
[EventDate "2022.06.04"]
[EventCountry "ITA"]
[SourceTitle "playchess.com"]
[Source "ChessBase"]
[SourceQuality "1"]
[TimeControl "5400+30"]

1. d4 Nf6 2. c4 c5 3. d5 e6 4. Nc3 exd5 5. cxd5 d6 6. e4 g6 7. f4 Bg7 8. Bb5+ Nfd7 9. a4 {[%emt 0:00:04] White is more active.} Na6 {[%emt 0:00:54] A67: Modern Benoni: Taimanov Variation.} 10. Nf3 Nb4 11. O-O a6 {[%emt 0:00:04] White is slightly better.} 12. Bc4 Nb6 {[%emt 0:04:45] [#]} 13. Be2 $146 ({Predecessor:} 13. Bb3 O-O 14. a5 Nd7 15. Re1 b5 16. axb6 a5 17. b7 Bxb7 18. Bc4 Re8 19. Re2 {0-1 (27) Jordaan,W-Schott,D IECC email 2013}) 13... Bg4 {[%emt 0:00:34] Prevents f5.} 14. a5 Bxf3 (14... Nd7 $11 {feels stronger.}) 15. Bxf3 Nd7 16. Be3 O-O 17. Qd2 Rc8 18. Nd1 f5 19. exf5 gxf5 20. Bf2 Qf6 21. Ra3 b5 22. axb6 Nxb6 23. Be2 {[%emt 0:00:11] Inhibits Nc4.} Ra8 (23... N6xd5 $2 24. Bc4 $18) 24. Nc3 Qf7 25. Rfa1 Qb7 (25... Rab8 $11) 26. Na4 (26. Na2 $5 Qxd5 27. Rd1 $1 Qxd2 28. Rxd2 $16) 26... Nd7 (26... Qxd5 $2 27. Qc1 Qc6 28. Bf3 $18) (26... N6xd5 $2 27. Bf3 $18) 27. Rg3 (27. Re3 $14) 27... Kh8 $11 28. Nc3 Nf6 29. Re3 {[%emt 0:00:40] Against Ne4} Qf7 30. Re1 Rae8 31. Bc4 Rxe3 32. Rxe3 (32. Bxe3 Qg6 $11) (32. Qxe3 $2 Nc2 33. Qd2 Nxe1 34. Bxe1 Ne4 $19) 32... Ng4 33. Re6 Qh5 34. Bg3 {[%emt 0:00:00] A strong pair of Bishops.} (34. Rxd6 $2 Qxh2+ 35. Kf1 Qh1+ 36. Ke2 Nxf2 $19) 34... Bd4+ 35. Kh1 Bf2 $1 {[%emt 0:00:00] Strongly threatening ...Bxg3.} 36. Ne2 Bxg3 37. Qc3+ Rf6 $2 {[%emt 0:00:00][%mdl 8192] [#]} 38. h3 $1 $18 (38. Qxg3 Rxe6 39. dxe6 d5 $16) 38... Bh4 {[%emt 0:00:00][%cal Bg3h4,Bh4g5,Bg5e3,Be3d4][%mdl 32] Hoping for ...Nf2+.} (38... Nf2+ $2 39. Kg1 Ne4 40. Rxe4 $18) 39. hxg4 fxg4 {[%emt 0:00:07] White must now prevent ...Bf2+.} 40. Kg1 {[%emt 0:00:00] Against Bf2+} Kg7 41. Ng3 Qg6 42. f5 Qh6 43. Ne4 {[%emt 0:00:34][%mdl 64] Pin, Double Attack} Bg5 {[%emt 0:00:15] And now ...Be3+ would win.} 44. Qg3 (44. Nxf6 $2 {too greedy.} Bxf6 45. Rxf6 (45. Rxd6 $2 Bxc3 46. Rxh6 Bd4+ 47. Kf1 Kxh6 $19) (45. Re7+ $2 Kf8 $19) 45... Qxf6 $19) (44. Nxd6 $1 $18 {Ne8+ is the strong threat.} Kg8 45. Qe1 Rxe6 46. Qxe6+ (46. dxe6 Be3+ 47. Kf1 Kf8 $15) 46... Qxe6 47. fxe6 (47. dxe6 Kg7 $16)) 44... Be3+ $11 {[%emt 0:02:55] The position is equal.} 45. Kf1 $1 Bd4 (45... Rxf5+ $2 46. Ke2 Qf4 {[#]} 47. Nxd6 $1 $18 (47. Qxf4 Bxf4 48. g3 Be5 $11)) 46. Qxg4+ Kf8 {[%emt 0:00:41] ( -> ...Qc1+)} 47. Nxf6 {[%emt 0:00:55][%csl Gf6][%cal Rg4g8] Really sharp!} Qc1+ 48. Re1 Qxc4+ 49. Re2 Qc1+ 50. Re1 Qc4+ 51. Re2 {[%emt 0:00:03] Black defended with fortune.  Weighted Error Value: White=0.19 (very precise) /Black=0.29 (precise)} 1/2-1/2

[Event "Cattolica Chess Festival 2022"]
[Site "Cattolica"]
[Date "2022.06.09"]
[Round "7.5"]
[White "Kjartansson, Gudmundur"]
[Black "Willow, Jonah B"]
[Result "0-1"]
[ECO "A13"]
[WhiteElo "2452"]
[BlackElo "2401"]
[Annotator "TA"]
[PlyCount "90"]
[EventDate "2022.06.04"]
[EventCountry "ITA"]
[SourceTitle "playchess.com"]
[Source "ChessBase"]
[SourceQuality "1"]
[TimeControl "5400+30"]

1. Nf3 Nf6 2. c4 e6 3. g3 d5 4. Bg2 dxc4 5. Qa4+ Bd7 6. Qxc4 Bc6 7. O-O Nbd7 8. b3 {[%emt 0:02:44] A13: English Opening: 1...e6.} Bd6 9. Bb2 O-O 10. Qc2 {[%emt 0:09:13] White is slightly better.} Qe7 11. d3 {[%emt 0:03:07] [#]} Rfd8 $146 ({Predecessor:} 11... e5 12. Nbd2 a5 13. a3 Nb6 14. e4 a4 15. b4 Bb5 16. Nc4 Nfd7 17. Nfd2 c5 18. bxc5 Bxc5 19. Kh1 Rfd8 20. f4 Rac8 {½-½ (20) Pierro,S (1585)-Basson,H (1676) IECC email 2011}) 12. e4 e5 13. Nbd2 Ba3 14. Nc4 Bxb2 15. Qxb2 Re8 16. Rfe1 (16. a4 $16) 16... Bb5 $11 17. d4 Bxc4 18. bxc4 Rab8 19. c5 c6 20. Rac1 exd4 21. e5 Ng4 22. e6 fxe6 23. Qxd4 Ngf6 24. Ng5 {[%emt 0:01:04][%cal Bf3g5,Bg5e4,Be4d6][%mdl 1056] White has compensation.} Nf8 25. Bh3 e5 26. Qc4+ Nd5 27. f4 (27. Ne4 $1 $14) 27... Qd8 28. Bg2 h6 29. Ne4 {[%emt 0:05:04] Threatens to win with Nd6.} exf4 30. Nd6 Rxe1+ 31. Rxe1 Qg5 32. gxf4 Qh5 33. f5 {[%emt 0:01:44] Against Ng6} Qg5 34. Kh1 Qd2 35. Rg1 {[%emt 0:00:00][%cal Of5f6] And now f6! would win.} Nd7 36. Qg4 {[%emt 0:00:00][%cal Of5f6] aiming for f6!} N7f6 37. Qg6 Nf4 {[%emt 0:00:00][%cal Bd5f4,Bf4h3,Bh3f2,Bf2e4][%mdl 32] Pair of Knights!} 38. Qf7+ $40 {[%emt 0:00:00][%mdl 128] White mounts an attack.} Kh8 {[%emt 0:00:00] Strongly threatening ...Ng4.} 39. Bxc6 {[%emt 0:00:00] [#]} Rg8 $1 $17 40. Bxb7 $2 (40. Bf3 Nh3 41. Rf1 Nf2+ 42. Kg1) 40... Nh3 $19 {[%emt 0:00:00] ( -> ...Nf2+)} 41. Nc4 Qe2 {[%emt 0:00:00] Black mates.} 42. Qe6 Nf2+ 43. Kg2 N2e4+ {[%emt 0:00:00][%mdl 64] [#] Discovered Attack} 44. Kh3 Qf3+ 45. Rg3 Nf2+ {[%emt 0:00:00] Weighted Error Value: White=0.45/Black=0.05 (flawless)} 0-1

[Event "Cattolica Chess Festival 2022"]
[Site "Cattolica"]
[Date "2022.06.09"]
[Round "7.6"]
[White "Souhardo Basak"]
[Black "Korneev, Oleg"]
[Result "1/2-1/2"]
[ECO "B43"]
[WhiteElo "2357"]
[BlackElo "2521"]
[Annotator "TA"]
[PlyCount "32"]
[EventDate "2022.06.04"]
[EventCountry "ITA"]
[SourceTitle "playchess.com"]
[Source "ChessBase"]
[SourceQuality "1"]
[TimeControl "5400+30"]

1. e4 c5 2. Nf3 e6 3. d4 cxd4 4. Nxd4 a6 5. Nc3 Qc7 6. Bd3 Nc6 7. Nxc6 dxc6 8. O-O Nf6 {[%emt 0:00:02] has lost popularity (8...e5).} 9. f4 e5 10. f5 b5 {[%emt 0:01:14] B43: Sicilian: Kan Variation: 5 Nc3.} 11. Qf3 Bb7 12. a4 {[%emt 0:05:48] [#]} Rd8 $146 ({Predecessor:} 12... c5 13. axb5 c4 14. Be2 axb5 15. Rxa8+ Bxa8 16. Kh1 b4 17. Nd5 Bxd5 18. exd5 e4 {1-0 (36) Matinian,N (2481)-Korneev,O (2637) Khanty-Mansiysk 2013}) 13. Kh1 Be7 14. Be3 O-O 15. axb5 (15. g4 $1 $14) 15... axb5 16. g4 h6 {[%emt 0:04:34] Weighted Error Value: White=0.20 (precise) /Black=0.13 (very precise)} (16... Nd7 $11) 1/2-1/2

[Event "Cattolica Chess Festival 2022"]
[Site "Cattolica"]
[Date "2022.06.09"]
[Round "7.7"]
[White "Padmini, Rout"]
[Black "Milikow, Yoav"]
[Result "1-0"]
[ECO "D02"]
[WhiteElo "2348"]
[BlackElo "2410"]
[Annotator "TA"]
[PlyCount "79"]
[EventDate "2022.06.04"]
[EventCountry "ITA"]
[SourceTitle "playchess.com"]
[Source "ChessBase"]
[SourceQuality "1"]
[TimeControl "5400+30"]

1. Nf3 d5 2. g3 g6 3. Bg2 Bg7 4. d4 Nf6 5. O-O O-O 6. c3 a5 {[%emt 0:01:25] D02: 1 d4 d5 2 Nf3 sidelines, including 2...Nf6 3 g3 and 2...Nf6 3 Bf4.} 7. Re1 a4 {[%emt 0:03:05] [#]} 8. Na3 $146 ({Predecessor:} 8. a3 Bf5 9. Nbd2 c6 10. Ne5 Nbd7 11. Nxd7 Qxd7 12. e4 dxe4 13. Nxe4 Nxe4 14. Bxe4 {0-1 (53) Martynov,A (2019)-Rakotomaharo,F (2391) Riga 2021}) 8... Ne4 {[%emt 0:08:01] The position is equal.} 9. Nd2 (9. Ng5 {keeps more tension.} f5 10. Nxe4 fxe4 11. f3) 9... Nxd2 10. Bxd2 Bf5 11. f3 Qd7 12. Qc1 Na6 13. Bh6 c5 ({Black should try} 13... c6 $14) 14. Rd1 (14. Bxg7 $16 Kxg7 15. e4 dxe4 16. fxe4) 14... Bxh6 $11 15. Qxh6 cxd4 16. g4 (16. Rxd4 $5 e5 17. Rd2 $11 (17. Rh4 f6 $11)) 16... Be6 17. Rxd4 Qc7 18. Rad1 Nb8 19. g5 {[%emt 0:14:42] [#] White threatens Rh4 and mate.} f5 20. gxf6 $1 exf6 21. Qe3 Bf7 22. f4 Nc6 23. R4d2 Rfe8 24. Qf2 Ne7 25. Nb5 Qc6 26. Nd4 $36 {[%emt 0:01:11][%mdl 2048] White has some pressure.} Qc4 27. a3 Rad8 28. Nc2 {[%emt 0:04:09] White is more active.} g5 (28... Qc8 $14) 29. fxg5 $16 fxg5 30. Ne3 Qa6 (30... Qf4 $16 {was worth a try.}) 31. Ng4 $18 ({Resist} 31. Bxd5 $6 Nxd5 32. Nxd5 Bxd5 $16) ({Don't take} 31. Nxd5 $6 Nxd5 32. Bxd5 Bxd5 $16) (31. Rf1 Rf8) 31... Rd6 $2 (31... Rf8 32. Qe3 Qd6 33. Qxg5+ Kh8) 32. e4 Bh5 $2 (32... Rf8 {was called for.} 33. Rf1 (33. exd5 Bh5 $11) 33... dxe4) 33. e5 Bxg4 34. exd6 {[%emt 0:00:00] White is clearly winning.} Bxd1 (34... Qxd6 $142 35. Rf1 Bh5) 35. dxe7 Bb3 36. Rxd5 {[%emt 0:00:00] [#] Threatening mate with Rd8.} Qg6 37. Rd8 {[%emt 0:00:00] Intending Qf8+ and mate.} Qf7 {[%emt 0:00:00] Prevents Qf8+.} 38. Qe3 (38. Qc5 $142 Kg7 39. Qxg5+ Qg6 40. Qxg6+ Kxg6 41. Rxe8) 38... h6 39. Bxb7 {[%emt 0:00:00] White wants to mate with Bc6.} Bc4 40. Rxe8+ {[%emt 0:00:00] Weighted Error Value: White=0.24 (precise) /Black=0.35} 1-0

[Event "Cattolica Chess Festival 2022"]
[Site "Cattolica"]
[Date "2022.06.09"]
[Round "7.8"]
[White "Trost, Edvin"]
[Black "Milikow, Elie"]
[Result "1/2-1/2"]
[ECO "E04"]
[WhiteElo "2366"]
[BlackElo "2428"]
[Annotator "TA"]
[PlyCount "53"]
[EventDate "2022.06.04"]
[EventCountry "ITA"]
[SourceTitle "playchess.com"]
[Source "ChessBase"]
[SourceQuality "1"]
[TimeControl "5400+30"]

1. d4 Nf6 2. c4 e6 3. Nf3 d5 4. g3 dxc4 5. Bg2 Bb4+ 6. Bd2 a5 7. Qc2 {[%emt 0:00:54] E04: Open Catalan: 5 Nf3.} Bxd2+ 8. Qxd2 O-O 9. Na3 {[%emt 0:01:22] [#] White is slightly better.} Qe7 $146 ({Predecessor:} 9... b6 10. Ne5 Nd5 11. Naxc4 Bb7 12. O-O f6 13. Nd3 Nc6 14. e3 Qe7 15. Rac1 Rad8 {1-0 (38) Lazavik,D (2504)-Babazada,K (2431) Chess.com INT 2022}) 10. Nxc4 Nc6 11. O-O Rd8 12. Rfd1 Ra6 13. Rac1 e5 14. Ncxe5 Nxd4 {[%emt 0:00:37][%mdl 64] [#] Remove Defender} 15. Nxd4 Qxe5 16. Nc6 Rxd2 $11 {[%emt 0:00:09] The position is equal.} 17. Nxe5 Rad6 18. Re1 {[%emt 0:00:18] [#] Hoping for Nc4.} Be6 19. Rxc7 Rxe2 20. Rxe2 Rd1+ 21. Bf1 Bh3 $1 22. Rc8+ $1 Bxc8 23. Kg2 {[%emt 0:01:48] Inhibits Bh3+.} h5 24. f3 Be6 25. a3 Nd5 26. Nc4 {[%emt 0:00:11] Prevents Nb6.} b6 (26... Nf4+ $2 27. gxf4 Rc1 28. Nxa5 $18) 27. Kf2 {[%emt 0:02:41] Weighted Error Value: White=0.09 (flawless) /Black=0.05 (flawless)} 1/2-1/2

[Event "Cattolica Chess Festival 2022"]
[Site "Cattolica"]
[Date "2022.06.09"]
[Round "7.9"]
[White "Buksa, Nataliya"]
[Black "Ojas Kulkarni"]
[Result "1/2-1/2"]
[ECO "C70"]
[WhiteElo "2406"]
[BlackElo "2235"]
[Annotator "TA"]
[PlyCount "85"]
[EventDate "2022.06.04"]
[EventCountry "ITA"]
[SourceTitle "playchess.com"]
[Source "ChessBase"]
[SourceQuality "1"]
[TimeControl "5400+30"]

1. e4 e5 2. Nf3 Nc6 3. Bb5 a6 4. Ba4 Bc5 5. O-O d6 6. c3 Bd7 {[%emt 0:00:09] C70: Ruy Lopez: 3...a6 4 Ba4, Norwegian and Delayed Schliemann.} 7. d4 Ba7 $1 {[%emt 0:00:07][%mdl 4] now scores much better than the old 7...exd4.} 8. Be3 Nge7 {[%emt 0:00:09][%cal Bg8e7,Be7g6,Bg6f4][%mdl 32] White has an edge.} 9. d5 Nb8 (9... Bxe3 $2 10. dxc6 (10. fxe3 Nb8 $11) 10... Bxf2+ 11. Rxf2 $18) 10. Bxa7 Rxa7 {[%emt 0:00:02] [#]} 11. Bxd7+ $146 ({Predecessor:} 11. c4 b5 12. Bb3 Ng6 13. Nc3 O-O 14. Ne1 b4 15. Ne2 c5 16. dxc6 Bxc6 17. f3 {½-½ (46) Mammadzada,G (2460)-Khademalsharieh,S (2494) Krasnaya Polyana 2021}) 11... Nxd7 12. c4 O-O 13. Nc3 Ng6 14. Qc2 Ra8 15. b4 Nf4 16. g3 Nh5 17. Nh4 g6 18. Ne2 b6 19. Rae1 a5 (19... Nf4 {seems wilder.} 20. Nc3 a5 21. a3 Qg5) 20. a3 Ng7 (20... Nf4 {keeps more tension.} 21. Nc3 Qg5 22. Kh1 Rfc8) 21. Ng2 (21. Nc3 $14) 21... f5 $11 {[%emt 0:03:28] The position is equal.} 22. f3 fxe4 23. fxe4 Rxf1+ 24. Rxf1 axb4 25. axb4 Qg5 26. Nc3 Ne8 27. Nb5 Kg7 28. Qf2 Qf6 {[%emt 0:01:09] Prevents Qf7+.} 29. Qb2 Qg5 30. Nf4 {[%emt 0:01:55] [#] Hoping for Ne6+.} Kg8 31. Ne6 Qe3+ 32. Qf2 Qxf2+ 33. Rxf2 Ra4 34. Nbxc7 Nxc7 35. Nxc7 {[%emt 0:00:00] aiming for Nb5.} Rxb4 {[%emt 0:00:00][%mdl 4096] Endgame KRN-KRN} 36. Ne8 Rxc4 ({Don't take} 36... Rb1+ 37. Kg2 $16) 37. Nxd6 Rd4 38. Ra2 {[%emt 0:00:00] [#] Threatens to win with Ra8+.} Nc5 39. Ra8+ Kg7 40. Ra7+ Kg8 41. Ra8+ Kg7 42. Ra7+ Kg8 43. Ra8+ {[%emt 0:02:28] Weighted Error Value: White=0.06 (flawless) /Black=0.04 (flawless)} 1/2-1/2

[Event "Cattolica Chess Festival 2022"]
[Site "Cattolica"]
[Date "2022.06.09"]
[Round "7.10"]
[White "Heinemann, Josefine"]
[Black "Bin-Suhayl, Ieysaa"]
[Result "1-0"]
[ECO "C07"]
[WhiteElo "2300"]
[BlackElo "2255"]
[Annotator "TA"]
[PlyCount "85"]
[EventDate "2022.06.04"]
[EventCountry "ITA"]
[SourceTitle "playchess.com"]
[Source "ChessBase"]
[SourceQuality "1"]
[TimeControl "5400+30"]

1. e4 e6 2. d4 d5 3. Nd2 c5 4. exd5 Qxd5 5. Ngf3 cxd4 6. Bc4 Qd6 7. O-O Nf6 8. Nb3 Nc6 9. Nbxd4 Nxd4 10. Nxd4 a6 11. Re1 Be7 12. c3 O-O 13. Qf3 Qc7 14. Bb3 {[%emt 0:00:07] C07: French Tarrasch: 3...c5, 4 Ngf3 and 4 exd5 Qxd5.} Bd6 15. h3 e5 16. Nc2 {[%emt 0:01:52] The position is equal.} e4 17. Qe2 Qc5 {[%emt 0:00:17] [#] Prevents Bg5.} 18. Ne3 $146 ({Predecessor:} 18. Nd4 Re8 19. Be3 Qe5 20. f4 exf3 21. Nxf3 Qg3 22. Bf2 Rxe2 23. Bxg3 Rxe1+ 24. Bxe1 {½-½ (63) Akopian,V (2654)-Vaisser,A (2540) Ohrid 2001}) 18... Qe5 {[%emt 0:06:41] ( -> ...Qh2+)} 19. Nf1 {[%emt 0:00:14] Against Qh2+} Bd7 20. Be3 Bb5 21. c4 Bc6 22. Rad1 Qe7 (22... Bb4 $11) 23. a3 (23. Ng3 $5 g6 24. Bd4 $11) 23... Nd7 24. Bd4 Kh8 25. Ne3 Be5 (25... f5 $11) 26. Nd5 $14 Bxd5 27. cxd5 (27. Bxe5 $14 Nxe5 28. Rxd5 (28. cxd5 f5 $11)) 27... f5 $11 28. Qd2 Nf6 (28... Rad8 $11) 29. Bxe5 $14 Qxe5 30. d6 f4 ({Black should play} 30... Rad8 $14) 31. d7 (31. Qd4 $16 Qxd4 32. Rxd4) 31... h5 $2 (31... Rfd8 $14) 32. Qd6 Qxb2 33. Rb1 Qc3 34. Qxf4 (34. Rec1 $18 Qd3 35. Qxd3 (35. Qxf4 Nxd7 36. Qg5 Nf6 $14) 35... exd3 36. Be6) 34... Qc6 (34... Nxd7 $14 35. Qxe4 Nf6) 35. Rec1 $16 {[%emt 0:00:00] 0x0.00166bcbf322dp-1022s more active pieces.} Qxd7 {[%emt 0:00:00] [#]} 36. Rc7 Qd3 (36... Nh7 $16) 37. Bc2 $18 {[%emt 0:00:00][%mdl 64] Skewer} Qxa3 (37... Qe2) 38. Qg5 Rg8 39. Rbxb7 $40 {[%emt 0:00:00][%cal Og5f6][%mdl 128] Threatening mate with Qxf6! White attacks with force.} Qf8 {[%emt 0:00:00] [#]} (39... Nh7 $18 40. Qxh5 Qc1+ 41. Bd1 Qg5 42. Qxg5 Nxg5) 40. Rf7 (40. Bxe4 $142 $1 Nh7 41. Qxh5 Qxf2+ 42. Kxf2 Rgf8+ 43. Rf7 Rxf7+ 44. Rxf7 Kg8 45. Qg6 Kh8 46. Qxh7#) 40... Nh7 41. Qg6 {[%emt 0:00:00] White mates.} Qa3 42. Kh2 Qc5 43. Bxe4 {[%emt 0:00:00] Weighted Error Value: White=0.21 (precise) /Black=0.62} 1-0